 Dungeon Crawl Stone Soup version 0.26-a0-597-gb535b0901c (webtiles) character file.

Game seed: 7003036417990617436

54 Lanoc the Charlatan (level 3, 0/27 HPs)
             Began as a Merfolk Artificer on Sept 4, 2020.
             Slain by an orc
             ... wielding a +0 hand axe
              (6 damage)
             ... on level 3 of the Dungeon.
             The game lasted 00:01:59 (1446 turns).

Lanoc the Charlatan (Merfolk Artificer)             Turns: 1446, Time: 00:01:59

Health: 0/27       AC:  3    Str: 12    XL:     3   Next: 91%
Magic:  3/3        EV: 13    Int: 10    God:
Gold:   71         SH:  0    Dex: 15    Spells: 2/2 levels left

rFire    . . .     SeeInvis .   a - +2 spear (freeze)
rCold    . . .     Faith    .   (no shield)
rNeg     . . .     Spirit   .   b - +0 leather armour
rPois    .         Reflect  .   (no helmet)
rElec    .         Harm     .   (no cloak)
rCorr    .                      (no gloves)
MR       .....                  (no boots)
Stlth    ++........             (no amulet)
HPRegen  0.09/turn              (no ring)
MPRegen  0.08/turn              (no ring)

@: no status effects
A: change form in water, swift swim, stealthy swim
a: no special abilities


You were on level 3 of the Dungeon.
You visited 1 branch of the dungeon, and saw 3 of its levels.

You collected 71 gold pieces.

Inventory:

Hand Weapons
 a - a +2 spear of freezing (weapon)
Armour
 b - a +0 leather armour (worn)
Jewellery
 g - a +4 ring of protection {unknown}
Wands
 c - a wand of flame (15)
 d - a wand of enslavement (15)
 e - a wand of random effects (15)
Scrolls
 f - a scroll of identify {unknown}
 h - 2 scrolls of random uselessness {unknown}
 i - a scroll of remove curse {unknown}
 j - a scroll of amnesia {unknown}


   Skills:
 + Level 1.9 Fighting
 * Level 1.8 Polearms
 + Level 1.1 Armour
 + Level 3.2 Dodging
 - Level 1.1 Stealth
 * Level 3.6 Evocations


You had 2 spell levels left.
You didn't know any spells.
Your spell library was empty.

Dungeon Overview and Level Annotations

Branches:
Dungeon (3/15)

Altars:


Message History

You hit the orc but do no damage. You hit the orc but do no damage.
The orc closely misses you.
You hit the orc but do no damage. The orc misses you.
You hit the orc but do no damage. The orc barely misses you.
You hit the orc but do no damage. The orc barely misses you.
You hit the orc but do no damage. The orc hits you but does no damage.
You hit the orc but do no damage. The orc hits you with a +0 hand axe.
You barely miss the orc. The orc hits you with a +0 hand axe.
* * * LOW HITPOINT WARNING * * *
You hit the orc. You freeze the orc.
The orc is almost dead.
The orc barely misses you.
You hit the orc but do no damage.
The orc is almost dead.
The orc hits you with a +0 hand axe.
* * * LOW HITPOINT WARNING * * *
You hit the orc but do no damage.
The orc is almost dead.
The orc hits you with a +0 hand axe.
You die...

#########.#
#.o@......#
#.#####.#######.####
#......<..†.).$.....
..$##########o.....#
....... .......
....... .......
o......


You could see an orc.

Vanquished Creatures
  3 adders
  A worm (D:2)
  A leopard gecko (D:3)
  2 orcs
  3 goblins
  3 hobgoblins
  3 kobolds
  A quokka (D:2)
  A ball python (D:1)
  A bat (D:3)
  5 rats
24 creatures vanquished.

Vanquished Creatures (others)
  3 plants (D:2)
3 creatures vanquished.

Grand Total: 27 creatures vanquished

Notes
Turn   | Place    | Note
-------+----------+-------------------------------------------
     0 | D:1      | Lanoc the Merfolk Artificer began the quest for the Orb.
     0 | D:1      | Reached XP level 1. HP: 15/15 MP: 1/1
   390 | D:1      | Reached XP level 2. HP: 21/21 MP: 2/2
   758 | D:2      | Reached skill level 1 in Armour
   764 | D:2      | Reached skill level 1 in Polearms
   764 | D:2      | Reached XP level 3. HP: 11/27 MP: 3/3
  1446 | D:3      | Slain by an orc

Illustrated notes

Levels and vault maps discovered:
D:1:      roderic_octagonal_star, layout_basic, corner_web_ring,
          minmay_misc_feat_square, chequers_serial_rivers_large_a
D:2:      layout_loops_cross, serial_forest, infiniplex_forest_clump_long,
          infiniplex_forest_end_double, infiniplex_forest_lined_ring,
          infiniplex_forest_end_1, infiniplex_forest_clump_small
D:3:      layout_basic

Skill      XL: |  1  2 |
---------------+-------+-----
Dodging        | 3 |  3.2
Armour         | 1 |  1.1
Polearms       | 1 |  1.8
Fighting       | |  1.9
Stealth        | |  1.1
Evocations     | |  3.6

Action                   || total
-------------------------++-------
Melee: Club              ||    32
       Spear             ||    67
 Stab: Sleeping          ||     2
Armor: Leather armour    ||    13
Dodge: Dodged            ||    54

Table legend: (Time is in decaauts)
 A = Elapsed time spent in this place.
 B = Non-inter-level travel time spent in this place.
 C = Inter-level travel time spent in this place.
 D = Time resting spent in this place.
 E = Time spent auto-exploring this place.
 F = Levels seen in this place.
 G = Mean time per level.
                   A        B        C        D        E       F      G
               +--------+--------+--------+--------+--------+-----+--------+
         Total |   1451 |   1444 |      7 |    271 |    955 |   3 |  483.7 |
       Dungeon |   1451 |   1444 |      7 |    271 |    955 |   3 |  483.7 |
               +--------+--------+--------+--------+--------+-----+--------+

Top non-repeatable levels by time:
     D:2: 648 daAuts
     D:1: 576 daAuts
     D:3: 227 daAuts
